 Dungeon Crawl Stone Soup version 0.20-a0-266-gdedccd6 (webtiles) character file.

65008 HarryHood the Bludgeoner (level 15, -14/154 HPs)
             Began as a Gargoyle Berserker on Dec 5, 2016.
             Was a High Priest of Trog.
             Demolished by an orc knight
             ... wielding a +0 great mace
              (19 damage)
             ... on level 2 of the Orcish Mines.
             The game lasted 01:40:32 (22651 turns).

HarryHood the Bludgeoner (Gargoyle Berserker)      Turns: 22651, Time: 01:40:33

Health: -14/154    AC: 36    Str: 24    XL:     15   Next: 15%
Magic:  15/15      EV:  2    Int:  8    God:    Trog [*****.]
Gold:   2018       SH:  0    Dex: 12    Spells: 14/14 levels left

rFire  . . .     SeeInvis .     D - +3 morningstar (protect)
rCold  . . .     Gourm    +     (armour currently unavailable)
rNeg   + + +     Faith    .     (no shield)
rPois  ∞         Spirit   .     (helmet currently unavailable)
rElec  .         Reflect  .     (cloak currently unavailable)
rCorr  .         Harm     .     (gloves currently unavailable)
MR     +....     NoTele   +     (boots currently unavailable)
Stlth  ++........               M - amulet of the gourmand
                                I - +2 ring of protection
                                i - ring of stealth

@: tree-form, protection aura
A: (big wings), negative energy resistance 1, (electricity resistance),
(unbreathing), petrification resistance, rot immunity, AC +11
a: Berserk, Trog's Hand, Brothers in Arms, Burn Spellbooks, Renounce Religion


You were on level 2 of the Orcish Mines.
You worshipped Trog.
Trog was extremely pleased with you.
You were very full.
You were a tree.
You visited 4 branches of the dungeon, and saw 21 of its levels.
You also visited: Sewer and Ossuary.

You collected 2144 gold pieces.
You spent 126 gold pieces at shops.

Inventory:

Hand Weapons
 D - a +3 morningstar of protection (weapon)
 F - a +4 great mace of crushing
 N - a +3 antimagic dire flail
 P - a +3 antimagic morningstar
Armour
 p - a +1 pair of boots (melded)
 s - a +0 pair of gloves of dexterity (melded)
 A - a +2 plate armour (melded)
Jewellery
 i - a ring of stealth (left branch)
 y - a +3 ring of intelligence
 E - an uncursed ring of fire
 I - a +2 ring of protection (right branch)
 J - an uncursed ring of resist corrosion
 K - an uncursed ring of see invisible
 M - an amulet of the gourmand (around neck)
Wands
 L - a wand of flame (27/48)
Scrolls
 d - 8 scrolls of teleportation
 e - a scroll of blinking
 g - 7 scrolls of remove curse
 j - 2 scrolls of recharging
 l - 6 scrolls of magic mapping
 t - 3 scrolls of fog
 w - a scroll of identify
 B - a scroll of enchant weapon
 C - a scroll of fear
Potions
 a - 10 potions of curing
 f - 2 potions of brilliance
 k - 7 potions of heal wounds
 n - 3 potions of agility
 o - 6 potions of might
 q - 3 potions of ambrosia
 r - a potion of lignification
 u - a potion of haste
 v - 3 potions of resistance
 x - a potion of invisibility
 z - a potion of beneficial mutation
Comestibles
 b - 3 beef jerkies
 c - 9 bread rations
 h - 2 chunks of flesh
 m - 9 meat rations
 G - 10 fruits
 H - 8 slices of pizza


   Skills:
 * Level 15.1 Fighting
 - Level 16.0 Maces & Flails
 + Level 12.3 Armour
 - Level 9.0 Dodging


You had 14 spell levels left.
You didn't know any spells.

Dungeon Overview and Level Annotations

Branches:
Dungeon (12/15)            Temple (1/1) D:6            Lair (6/6) D:11
 Shoals (0/4) Lair:2       Spider (0/4) Lair:4        Slime (0/5) Lair:5
    Orc (2/2) D:9             Elf (0/3) Orc:2

Altars:
Cheibriados
Dithmenos
Fedhas
Nemelex Xobeh
Okawaru
Qazlal
Trog
Xom

Shops:
D:4 ?

Annotations:
Lair:2 exclusion: oklob plant


Innate Abilities, Weirdness & Mutations

You are resistant to torment.
((Your stone body is resilient. (AC +11)))
You are immune to poison.
((Your large and strong wings let you fly indefinitely.))
You resist negative energy. (rN+)
((You are resistant to electric shocks. (rElec)))
((You can survive without breathing.))
You are immune to petrification.
You are immune to rotting.


Message History

Your +1 pair of boots melds into your body.
Your +2 plate armour melds into your body.
You feel clumsy.
Your roots penetrate the ground.
The orc priest no longer looks unusually strong.
The orc priest hits you but does no damage.
The orc warrior hits you but does no damage.
An orc comes into view. It is wielding a short sword.
Okay, then.
You feel somewhat less full.
The orc knight hits you but does no damage.
The orc priest begins to cast a cantrip, but forgets the words!
The orc warrior hits you with a dire flail!!
* * * LOW HITPOINT WARNING * * *
You bludgeon the orc warrior!!
The orc warrior is severely wounded.
The orc priest casts a cantrip, but nothing happens.
The orc priest hits you but does no damage.
The orc knight hits you with a great mace!!
You die...

#....#...#...
####..o..o....... ##.#
....#...#.... #..#
#...........# ## ##..#
#..o#...#... ####. #...#
#ooo......# ##.#.. #...#
#oo#o..#..# #...#. ##.)#
#♣ooo...# #...#.
#...#######.o.#######.....
##..#...............#....)
#...#...............#.....
#......................).)
#.........................
#.........................
##........................
#....................)...(


You could see 2 orc knights, an orc warrior, 6 orc priests and 3 orcs.

Vanquished Creatures
  Rupert (Orc:2)
  Nessos (Lair:5)
  An ettin (Orc:2)
  Josephine (Lair:5)
  8 hydras
  A catoblepas (Lair:5)
  Erica (Lair:2)
  An orc high priest (Orc:2)
  Nergalle (Orc:1)
  The ghost of roflturtle the Cutter, a novice HESk of Okawaru (D:8)
  2 unseen horrors
  2 orc knights
  3 hill giants
  A necromancer (Lair:5)
  An orc sorcerer (Orc:2)
  13 elephants
  5 black mambas
  A molten gargoyle (Lair:6)
  A gargoyle (D:12)
  Psyche (D:12)
  17 spiny frogs
  2 rime drakes
  11 komodo dragons
  2 trolls
  4 polar bears
  2 jumping spiders (Lair:4)
  23 blink frogs
  A slime creature (Lair:5)
  A snapping turtle (Lair:2)
  Prince Ribbit (D:7)
  6 dream sheep (Lair:6)
  3 redbacks (Lair:4)
  7 hippogriffs
  2 shadows
  Sigmund (D:4)
  3 wyverns
  4 hogs (D:7)
  5 wraiths (Lair:5)
  A human (D:7)
  45 yaks
  2 hungry ghosts
  2 basilisks (Lair:3)
  4 wargs
  Menkaure (D:5)
  A soldier ant (D:11)
  8 water moccasins
  3 hell hounds (Lair:6)
  4 porcupines
  17 orc warriors
  An ice beast (D:10)
  2 sky beasts
  4 phantoms
  4 black bears
  10 ogres
  An eye of draining (D:8)
  19 wolves
  5 centaurs
  13 crocodiles
  8 big kobolds
  The ghost of arazyal the Grave Robber, an amateur DENe (D:3)
  11 bullfrogs
  2 scorpions
  4 killer bees (D:12)
  15 wights
  2 howler monkeys
  7 electric eels
  9 crimson imps
  5 hounds
  6 jellies
  6 orc priests
  13 orc wizards
  2 centaur skeletons
  Ijyb (D:2)
  3 iguanas
  Natasha (thrice) (D:2)
  2 polar bear simulacra (Lair:5)
  12 worker ants
  A yak simulacrum (Lair:5)
  5 wolf simulacra (Lair:5)
  2 hound zombies
  4 mummies
  A howler monkey zombie (D:5)
  A worker ant zombie (D:5)
  Robin (D:2)
  11 gnolls
  13 adders
  A shadow imp (D:8)
  2 adder zombies
  An adder skeleton (D:7)
  3 worms
  A dart slug (D:1)
  9 leopard geckos
  79 orcs
  11 bats
  14 giant cockroaches
  A gnoll zombie (Ossuary)
  19 goblins
  9 hobgoblins
  16 jackals
  8 quokkas
  A ball python (Sewer)
  7 frilled lizards
  4 hobgoblin zombies (Ossuary)
  2 jackal skeletons
  26 kobolds
  5 kobold zombies (Ossuary)
  2 orc zombies (Ossuary)
  4 quokka zombies (Ossuary)
  5 rats
  A rat zombie (Ossuary)
  3 river rat simulacra (Lair:5)
674 creatures vanquished.

Vanquished Creatures (collateral kills)
  A cyclops (D:12)
  A black mamba (Lair:6)
  A rime drake (Lair:6)
  A komodo dragon (Lair:6)
  3 yaks (Lair:6)
  A basilisk (Lair:6)
  A hell hound (Lair:6)
  An orc warrior (Orc:2)
  2 orc priests (Orc:2)
  A jelly (D:12)
  7 orcs (Orc:2)
20 creatures vanquished.

Vanquished Creatures (others)
  10 fungi
  7 plants
17 creatures vanquished.

Grand Total: 711 creatures vanquished

Notes
Turn   | Place    | Note
-------+----------+-------------------------------------------
     0 | D:1      | HarryHood the Gargoyle Berserker began the quest for the Orb.
     0 | D:1      | Reached XP level 1. HP: 14/14 MP: 1/1
   152 | D:1      | Reached XP level 2. HP: 19/19 MP: 2/2
   557 | D:1      | Reached skill level 4 in Maces & Flails
   744 | D:2      | Reached XP level 3. HP: 23/23 MP: 3/3
   746 | D:2      | Noticed Robin
   759 | D:2      | Killed Robin
   762 | D:2      | Noticed Natasha
   782 | D:2      | Killed Natasha
   782 | D:2      | Reached ** piety under Trog
   782 | D:2      | Reached skill level 5 in Maces & Flails
   782 | D:2      | Reached XP level 4. HP: 15/28 MP: 4/4
  1151 | D:2      | Noticed Natasha
  1165 | D:2      | Killed Natasha
  1165 | D:2      | Reached XP level 5. HP: 32/32 MP: 5/5
  1257 | D:2      | Noticed Natasha
  1265 | D:2      | Killed Natasha
  1303 | D:2      | Reached skill level 6 in Maces & Flails
  1491 | D:2      | Noticed Ijyb
  1513 | D:2      | Killed Ijyb
  1780 | D:3      | Found a shadowy altar of Dithmenos.
  1781 | D:3      | Noticed arazyal's ghost (amateur DENe)
  1799 | D:3      | Killed arazyal's ghost
  1799 | D:3      | Reached XP level 6. HP: 37/40 MP: 6/6
  1860 | D:3      | Reached skill level 5 in Fighting
  2066 | D:3      | Reached *** piety under Trog
  2750 | D:4      | Noticed Sigmund
  2786 | D:4      | Killed Sigmund
  2786 | D:4      | Reached XP level 7. HP: 24/47 MP: 7/7
  3747 | D:4      | Found Hoxub's Magic Scroll Shoppe.
  3750 | D:4      | Bought a scroll of identify for 22 gold pieces
  3750 | D:4      | Bought a scroll of magic mapping for 38 gold pieces
  3750 | D:4      | Bought a scroll of identify for 22 gold pieces
  3750 | D:4      | Bought a scroll of identify for 22 gold pieces
  3750 | D:4      | Bought a scroll of identify for 22 gold pieces
  3896 | D:4      | Reached skill level 5 in Armour
  3987 | D:5      | Entered Level 5 of the Dungeon
  4007 | D:5      | Reached XP level 8. HP: 51/52 MP: 8/8
  4259 | D:5      | Found a blossoming altar of Fedhas.
  4260 | D:5      | Noticed Menkaure
  4271 | D:5      | Killed Menkaure
  4376 | D:5      | Found a snail-covered altar of Cheibriados.
  4397 | D:5      | Found a blossoming altar of Fedhas.
  4441 | D:5      | Found a snail-covered altar of Cheibriados.
  4689 | D:6      | Reached **** piety under Trog
  4733 | D:6      | Found a staircase to the Ecumenical Temple.
  4800 | D:6      | Reached skill level 7 in Maces & Flails
  4966 | D:6      | Found a glowing drain.
  4992 | Sewer    | Entered a sewer
  5232 | Sewer    | Reached skill level 8 in Maces & Flails
  5232 | Sewer    | Reached XP level 9. HP: 56/56 MP: 9/9
  5856 | D:6      | Reached skill level 9 in Maces & Flails
  6119 | Temple   | Entered the Ecumenical Temple
  6310 | D:7      | Reached ***** piety under Trog
  6600 | D:7      | Found a sand-covered staircase.
  6610 | Ossuary  | Entered an ossuary
  6906 | D:7      | Reached skill level 5 in Dodging
  6906 | D:7      | Reached XP level 10. HP: 48/65 MP: 10/10
  6929 | D:7      | Received a gift from Trog
  7167 | D:7      | Noticed Prince Ribbit
  7178 | D:7      | Found a bloodstained altar of Trog.
  7184 | D:7      | Killed Prince Ribbit
  7337 | D:8      | Got a distressingly furry scale mail
  7359 | D:8      | Reached skill level 10 in Fighting
  7479 | D:8      | Noticed roflturtle's ghost (novice HESk)
  7520 | D:8      | Killed roflturtle's ghost
  7697 | D:8      | Found a sparkling altar of Nemelex Xobeh.
  8235 | D:9      | Reached skill level 10 in Maces & Flails
  8235 | D:9      | Reached XP level 11. HP: 59/73 MP: 11/11
  8264 | D:9      | Found a staircase to the Orcish Mines.
  8918 | D:9      | Found a stormy altar of Qazlal.
  9100 | D:10     | Entered Level 10 of the Dungeon
 10165 | D:11     | Reached skill level 11 in Maces & Flails
 10173 | D:11     | Found a staircase to the Lair.
 10176 | D:11     | Noticed a hill giant
 10187 | D:11     | Killed a hill giant
 10466 | D:11     | Received a gift from Trog
 10663 | D:11     | Killed an unseen horror
 10810 | Lair:1   | Entered Level 1 of the Lair of Beasts
 10827 | D:11     | Upgraded the game from 0.20-a0-263-g81abdfb to 0.20-a0-266-gdedccd6
 10904 | D:12     | Noticed a hill giant
 10917 | D:12     | Killed a hill giant
 11084 | D:12     | Noticed Psyche
 11089 | D:12     | Killed Psyche
 11089 | D:12     | Reached skill level 12 in Maces & Flails
 11101 | D:12     | Noticed a four-headed hydra
 11110 | D:12     | Killed a four-headed hydra
 11360 | D:12     | Reached XP level 12. HP: 62/80 MP: 12/12
 12338 | Lair:1   | Noticed a four-headed hydra
 12346 | Lair:1   | Killed a four-headed hydra
 12494 | Lair:1   | Noticed a five-headed hydra
 12500 | Lair:1   | Killed a five-headed hydra
 12605 | Lair:1   | Noticed a four-headed hydra
 12614 | Lair:1   | Killed a four-headed hydra
 13506 | Lair:2   | Noticed Erica
 13516 | Lair:2   | Killed Erica
 13778 | Lair:2   | Noticed an eight-headed hydra
 13786 | Lair:2   | Killed an eight-headed hydra
 13786 | Lair:2   | Reached skill level 13 in Maces & Flails
 13791 | Lair:2   | Found a staircase to the Shoals.
 13808 | Lair:2   | Received a gift from Trog
 14494 | Lair:3   | Reached XP level 13. HP: 86/87 MP: 13/13
 14600 | Lair:3   | Received a gift from Trog
 14959 | Lair:3   | Found an iron altar of Okawaru.
 15145 | Lair:3   | Received a gift from Trog
 15516 | Lair:3   | Reached skill level 14 in Maces & Flails
 16252 | Lair:4   | Found a hole to the Spider Nest.
 16880 | Lair:4   | Reached skill level 15 in Maces & Flails
 17617 | Lair:4   | Reached skill level 10 in Armour
 17731 | Lair:4   | Identified a scroll of acquirement
 17769 | Lair:5   | Found a staircase to the Slime Pits.
 18143 | Lair:5   | Gained mutation: Your large and strong wings let you fly indefinitely. [Gargoyle growth]
 18143 | Lair:5   | Reached XP level 14. HP: 79/92 MP: 14/14
 18371 | Lair:5   | Noticed Josephine
 18419 | Lair:5   | Killed Josephine
 18435 | Lair:5   | Reached ****** piety under Trog
 18453 | Lair:5   | Noticed Nessos
 18773 | Lair:5   | Received a gift from Trog
 19140 | Lair:5   | Killed Nessos
 19140 | Lair:5   | Reached skill level 16 in Maces & Flails
 19263 | Lair:6   | Entered Level 6 of the Lair of Beasts
 20151 | Lair:6   | HP: 7/144 [yak (8)]
 21185 | Orc:1    | Entered Level 1 of the Orcish Mines
 21522 | Orc:1    | Noticed Nergalle
 21537 | Orc:1    | Killed Nergalle
 21537 | Orc:1    | Received a gift from Trog
 21623 | Orc:2    | Entered Level 2 of the Orcish Mines
 21626 | Orc:2    | Noticed Rupert
 21669 | Orc:2    | Killed Rupert
 21669 | Orc:2    | Reached XP level 15. HP: 101/101 MP: 15/15
 21967 | Orc:2    | Reached skill level 15 in Fighting
 22204 | Orc:2    | Found a staircase to the Elven Halls.
 22650 | Orc:2    | HP: 5/154 [orc warrior/dire flail (26)]
 22651 | Orc:2    | Demolished by an orc knight

Vault maps used:
D:1:      scummos_arrival_checkerplants, minmay_misc_feat_hallway
D:2:      moated_statue, dk_noncrumbling_2, kennysheep_decorative_pillar,
          uniq_iyjb, uniq_robin, uniq_natasha
D:3:      lemuel_crystal_altar
D:4:      serial_shops, nicolae_shop_behind_doors, first_bread, uniq_sigmund
D:5:      slow_altar_2, overflow_temple_1_default, basic_altar,
          cheibriados_altar_1, uniq_menkaure
D:6:      portal_sewer_entry_f, serial_bayou_lagoon_b
D:7:      lemuel_coloured_pillars_altar, enter_ossuary_1, grunt_livestock,
          uniq_prince_ribbit1
D:8:      nemelex_xobeh_ov_fountains_minmay
D:9:      erik_orc_3, basic_altar
D:10:     hangedman_abyss_or_decor_lesser_grid
D:11:     lair_entry_dummy, minmay_holes
D:12:     minmay_lindwurm_lava, uniq_psyche
Temple:   nicolae_temple_elliptical
Lair:1:   serial_bayou_shore_a, grunt_megastairs_4
Lair:2:   minmay_shoals_entry_hut, minmay_lair_oklob_chamber,
          serial_bayou_shore_b, uniq_erica
Lair:3:   basic_altar
Lair:4:   spider_nest_entry_funnel_web, beast_lair_carwin_8
Lair:5:   minmay_slime_entry_pillars, eino_house_with_fridge, uniq_nessos,
          uniq_josephine
Lair:6:   cheibrodos_lair_end_hotspot, serial_bayou_pond_e
Orc:1:    serial_shops, shop, basic_altar, uniq_nergalle
Orc:2:    st_orc_pillars, uniq_rupert
Sewer:    kennysheep_pipe_town
Ossuary:  ossuary_minmay_chase

Skill      XL: |  1  2  3  4  5  6  7  8  9 10 11 12 13 14 15 |
---------------+----------------------------------------------+-----
Maces & Flails | 4 5 6 8 9 10 12 13 15 16 | 16.0
Fighting       | 4 6 8 10 11 12 14 15 | 15.1
Armour         | 5 6 7 9 10 12 | 12.3
Dodging        | 3 5 6 8 9 |  9.0

Action                   |  1- 3 |  4- 6 |  7- 9 | 10-12 | 13-15 || total
-------------------------+-------+-------+-------+-------+-------++-------
Melee: Whip              |    89 |   213 |   424 |       |       ||   726
       Mace              |     9 |       |   132 |    23 |       ||   164
       Great mace        |       |       |       |   531 |       ||   531
       Morningstar       |       |       |       |    65 |  1316 ||  1381
Invok: Berserk           |       |     2 |     3 |       |     3 ||     8
       Burn Spellbooks   |       |       |       |     2 |     1 ||     3
       Brothers in Arms  |       |       |       |     1 |     5 ||     6
       Trog's Hand       |       |       |       |       |     1 ||     1
 Abil: Fly               |       |       |       |       |     1 ||     1
  Use: Scroll            |     6 |     5 |    11 |    10 |     7 ||    39
       Potion            |       |       |       |     2 |     3 ||     5
 Stab: Sleeping          |       |     3 |     1 |       |       ||     4
  Eat: Chunk             |       |     7 |    17 |    26 |    45 ||    95
       Bread ration      |       |       |       |     1 |       ||     1
Armor: Ring mail         |    42 |    74 |   125 |       |       ||   241
       Animal skin       |     4 |       |       |       |       ||     4
       Plate armour      |       |       |    78 |   530 |   962 ||  1570
       Skin              |       |       |       |    11 |     9 ||    20
Dodge: Dodged            |    57 |    86 |   194 |   362 |   749 ||  1448
